 Dungeon Crawl Stone Soup version 0.28.0-53-g5a82cb258f (webtiles) character file.

Game seed: 7197867150045193235

3646 Zeld the Thaumaturge (level 9, 0/45 HPs)
             Began as a Deep Elf Fire Elementalist on May 22, 2022.
             Was an Initiate of Vehumet.
             Slain by a yak (10 damage)
             ... on level 8 of the Dungeon.
             The game lasted 00:11:25 (12183 turns).

Zeld the Thaumaturge (Deep Elf Fire Elementalist)  Turns: 12183, Time: 00:11:27

Health: 0/45       AC:  5    Str:  5    XL:     9   Next: 88%
Magic:  27/34      EV: 14    Int: 25    God:    Vehumet [......]
Gold:   54         SH:  0    Dex: 15    Spells: 20/29 levels left

rFire   . . .      SeeInvis .   B - +4 hand axe of Tohigeob {flame, rElec rN+}
rCold   . . .      Faith    .   (no shield)
rNeg    + . .      Spirit   .   F - +1 leather armour {rPois}
rPois   +          Reflect  .   (no helmet)
rElec   +          Harm     .   l - +0 cloak
rCorr   .          Rampage  .   (no gloves)
Will    .....                   (no boots)
Stlth   ++........              (no amulet)
HPRegen 0.15/turn               j - ring of magical power
MPRegen 0.24/turn               D - ring of wizardry

@: no status effects
A: no striking features
a: Renounce Religion


You were on level 8 of the Dungeon.
You worshipped Vehumet.
Vehumet was noncommittal.
You visited 2 branches of the dungeon, and saw 10 of its levels.

You collected 402 gold pieces.
You spent 348 gold pieces at shops.

Inventory:

Hand Weapons
 B - the +4 hand axe of Tohigeob (weapon) {flame, rElec rN+}
   (You found it on level 7 of the Dungeon)

   It burns those it strikes, dealing additional fire damage.
   Big, fiery blades are also staple armaments of hydra-hunters.
   rElec:     It insulates you from electricity.
   rN:        It protects you from negative energy.
Armour
 l - a +0 cloak (worn)
 F - a +1 leather armour of poison resistance (worn)
Jewellery
 j - a ring of magical power (left hand)
 D - a ring of wizardry (right hand)
Wands
 o - a wand of mindburst (13)
 y - a wand of flame (16)
 A - a wand of iceblast (10)
Scrolls
 b - 7 scrolls of teleportation {unknown}
 d - a scroll of magic mapping {unknown}
 f - 3 scrolls of vulnerability {unknown}
 g - a scroll of noise {unknown}
 h - a scroll of enchant weapon {unknown}
 i - 4 scrolls of identify {unknown}
 k - 2 scrolls of fear {unknown}
 t - a scroll of immolation {unknown}
 v - 2 scrolls of fog {unknown}
 w - a scroll of silence {unknown}
 C - a scroll of enchant armour {unknown}
Potions
 c - 3 potions of resistance {unknown}
 e - 4 potions of brilliance {unknown}
 n - a potion of mutation {unknown}
 p - 3 potions of curing {unknown}
 q - a potion of cancellation {unknown}
 r - a potion of lignification {unknown}
 s - 2 potions of berserk rage {unknown}
 u - 2 potions of haste {unknown}
 x - a potion of magic {unknown}
 z - 2 potions of heal wounds {unknown}
 E - a potion of attraction {unknown}


   Skills:
 + Level 7.1 Dodging
 - Level 2.4 Stealth
 * Level 10.8 Spellcasting
 + Level 6.1 Conjurations
 - Level 2.0 Hexes
 * Level 9.3 Fire Magic
 - Level 2.0 Air Magic
 - Level 2.0 Poison Magic


You had 20 spell levels left.
You knew the following spells:

 Your Spells              Type           Power      Damage    Failure   Level
a - Foxfire               Conj/Fire      100%       2x1d9     1%          1
b - Scorch                Fire           100%       2d10      1%          2
c - Inner Flame           Hex/Fire       41%        N/A       1%          3
z - Mephitic Cloud        Conj/Pois/Air  30%        N/A       2%          3

Your spell library contained the following spells:

 Spells                   Type           Power      Damage    Failure   Level
 Magic Dart               Conj           100%       1d8       1%          1
 Static Discharge         Conj/Air       33%        N/A       1%          2
 Conjure Flame            Conj/Fire      51%        6-21      1%          3
 Dazzling Flash           Conj/Hex       66%        N/A       1%          3
 Flame Wave               Conj/Fire      51%        2d10      1%          4
 Stone Arrow              Conj/Erth      56%        3d10      2%          3
 Call Imp                 Summ           13%        N/A       4%          2
 Portal Projectile        Hex/Tloc       36%        N/A       6%          3
 Iskenderun's Battlesphe  Conj           44%        2d10      7%          5
 Call Canine Familiar     Summ           13%        N/A       9%          3
 Lightning Bolt           Conj/Air       16%        1d30      16%         5
 Leda's Liquefaction      Hex/Erth       9%         N/A       21%         4
 Silence                  Hex/Air        11%        N/A       34%         5
 Agony                    Necr           13%        N/A       61%         5
 Lehudib's Crystal Spear  Conj/Erth      14%        10d5      100%        8
 Maxwell's Capacitive Co  Air            11%        ∞         100%        8


Dungeon Overview and Level Annotations

Branches:
Dungeon (9/15)             Temple (1/1) D:6
   Lair: D:8-11         Orc: D:9-12

Altars:
Ashenzari
Cheibriados
Dithmenos
Elyvilon
Fedhas
Gozag
Hepliaklqana
Kikubaaqudgha
Makhleb
Nemelex Xobeh
Qazlal
Ru
Sif Muna
Trog
Uskayaw
Vehumet
Wu Jian
Xom
Yredelemnul
Zin
The Shining One

Shops:
D:6 [[

Annotations:
D:5 1 runed translucent door, Starlo's ghost, novice DrCj
D:8 Maurice
D:9 Maggie


Message History

Maurice is lightly wounded.
Maurice's fire resistance burns away.
Maurice takes off a +0 cloak.
Maurice drops a +0 cloak.
Maurice picks up a +0 leather armour.
Maurice wears a +0 leather armour.
Maurice unwields a +0 dagger.
Maurice drops a +0 dagger.
Maurice picks up a +0 hand axe.
Maurice wields a +0 hand axe.
The yak barely misses you.
Casting: Scorch (safe; 1% risk of failure)
Confirm with . or Enter, or press ? or * to list all spells.
Flames lash Maurice.
Maurice is burned terribly!
Maurice is heavily wounded.
The yak gores you!
Unknown command.
Casting: Scorch (safe; 1% risk of failure)
Confirm with . or Enter, or press ? or * to list all spells.
Flames lash the yak.
The yak is moderately wounded.
The yak's fire resistance burns away.
Maurice casts a spell.
Maurice blinks!
The yak gores you but does no damage.
Casting: Scorch (safe; 1% risk of failure)
Confirm with . or Enter, or press ? or * to list all spells.
Flames lash the yak.
The yak is lightly wounded.
The yak's fire resistance burns away.
The yak gores you!
* * * LOW HITPOINT WARNING * * *
Unknown command.
Okay, then.
Aiming: Mindburst
Press: ? - help, Shift-Dir - straight line, f - yak
Aim: a yak (moderately wounded, more vulnerable to fire, chance to affect: 64%)
The yak struggles to resist.
The yak misses you. The yak barely misses you.
Unknown command.
Unknown command.
Aiming: Mindburst
Press: ? - help, Shift-Dir - straight line, f/p - yak
Aim: a yak (moderately wounded, more vulnerable to fire, chance to affect: 64%)
The yak's mind is blasted!
The yak gores you.
* * * LOW HITPOINT WARNING * * *
The yak gores you!
You die...

##########
######........#
#.............##
###.####........#.
#@Y@............'.
#Y#.##.#........#.
#.#.##.#.###'##.#.
#.#.##.#.# #.##.#.
#.#.##.#.# #....#.
#.#....#.# ######.
#.######.# #.
#........# #.
#.######## #.


You could see Maurice (combustible) and 2 yaks.

Vanquished Creatures
  A two-headed ogre (D:8)
  Pikel (D:5)
  Joseph (D:7)
  A wyvern (D:8)
  4 yaks
  A black bear (D:7)
  A sky beast (D:4)
  A necrophage (D:8)
  4 lemures (D:5)
  2 bullfrogs
  2 scorpions
  A wyvern skeleton (D:7)
  A howler monkey (D:5)
  A bullfrog zombie (D:6)
  2 centaur zombies (D:7)
  A hound (D:4)
  3 orc priests
  A centaur skeleton (D:5)
  2 gnoll shamans
  2 jellies
  A bullfrog skeleton (D:5)
  8 orc wizards
  A scorpion zombie (D:5)
  A killer bee zombie (D:8)
  A hound zombie (D:5)
  A hound skeleton (D:5)
  A howler monkey zombie (D:6)
  8 gnolls
  8 adders
  2 howler monkey skeletons
  2 white imps (D:5)
  3 adder skeletons (D:4)
  A worm (D:3)
  6 dart slugs
  21 orcs
  9 endoplasms
  3 giant cockroaches
  7 goblins
  12 hobgoblins
  7 kobolds
  3 quokkas
  4 ball pythons
  4 bats
  3 frilled lizards
  A jackal skeleton (D:3)
  5 rats
156 creatures vanquished.

Vanquished Creatures (others)
  65 foxfires
  A fungus (D:1)
  2 plants (D:1)
68 creatures vanquished.

Grand Total: 224 creatures vanquished

Notes
Turn   | Place    | Note
-------+----------+-------------------------------------------
     0 | D:1      | Zeld the Deep Elf Fire Elementalist began the quest for the
                  | Orb.
     0 | D:1      | Reached XP level 1. HP: 10/10 MP: 6/6
   250 | D:1      | Found a faded altar of an unknown god.
   323 | D:1      | Reached XP level 2. HP: 15/15 MP: 5/8
   326 | D:1      | Learned a level 2 spell: Scorch
   835 | D:1      | Reached XP level 3. HP: 17/19 MP: 2/10
   839 | D:1      | Learned a level 3 spell: Inner Flame
  1037 | D:1      | Learned a level 3 spell: Mephitic Cloud
  1541 | D:2      | Reached skill level 4 in Spellcasting
  1541 | D:2      | Reached XP level 4. HP: 24/24 MP: 4/12
  1682 | D:2      | Reached skill level 1 in Hexes
  1890 | D:2      | Reached skill level 1 in Poison Magic
  2176 | D:2      | Reached skill level 1 in Air Magic
  2182 | D:2      | Reached XP level 5. HP: 28/28 MP: 13/13
  3975 | D:4      | Reached XP level 6. HP: 32/32 MP: 15/15
  4184 | D:4      | Noticed a sky beast
  4216 | D:4      | Killed a sky beast
  4217 | D:4      | Reached skill level 5 in Spellcasting
  4345 | D:4      | Reached skill level 5 in Fire Magic
  4799 | D:5      | Entered Level 5 of the Dungeon
  4800 | D:5      | Found a radiant altar of Vehumet.
  4800 | D:5      | Found a basalt altar of Yredelemnul.
  4801 | D:5      | Found a burning altar of Makhleb.
  4801 | D:5      | Found an ancient bone altar of Kikubaaqudgha.
  4928 | D:5      | Found a white marble altar of Elyvilon.
  4929 | D:5      | Found a blossoming altar of Fedhas.
  4929 | D:5      | Noticed Pikel
  4931 | D:5      | Became a worshipper of Vehumet
  5256 | D:5      | Reached XP level 7. HP: 35/36 MP: 17/17
  5400 | D:5      | Reached skill level 6 in Spellcasting
  5693 | D:5      | Found an opulent altar of Gozag.
  6055 | D:5      | Killed Pikel
  6056 | D:5      | Reached skill level 5 in Dodging
  6056 | D:5      | Reached skill level 7 in Spellcasting
  6056 | D:5      | Reached XP level 8. HP: 41/41 MP: 21/21
  6362 | D:5      | Found a runed translucent door.
  6365 | D:5      | Noticed Starlo's ghost (novice DrCj)
  6742 | D:5      | Found an ornate altar of the Wu Jian Council.
  7203 | D:6      | Found Rucyl's Antique Armour Emporium.
  7222 | D:6      | Found Muettacvu's Antique Armour Emporium.
  7228 | D:6      | Reached skill level 8 in Spellcasting
  7308 | D:6      | Found a staircase to the Ecumenical Temple.
  7313 | Temple   | Entered the Ecumenical Temple
  7609 | D:6      | Got Sif Muna's Guide on Battle Magic
  8580 | D:6      | Found a hide-covered altar of Uskayaw.
  8994 | D:7      | Reached skill level 9 in Spellcasting
  8995 | D:7      | Reached XP level 9. HP: 42/45 MP: 13/24
  8999 | D:7      | Reached skill level 5 in Conjurations
  9139 | D:7      | Noticed Joseph
  9151 | D:7      | Killed Joseph
  9758 | D:7      | Found a shimmering altar of Xom.
  9758 | D:7      | Found a stormy altar of Qazlal.
  9884 | D:7      | Identified the +4 hand axe of Tohigeob {flame, rElec rN+}
 10271 | D:8      | Noticed a two-headed ogre
 10621 | D:8      | Killed a two-headed ogre
 10622 | D:8      | Reached skill level 10 in Spellcasting
 10770 | D:8      | Found a broken altar of Ashenzari.
 11387 | D:9      | Noticed a two-headed ogre
 11410 | D:9      | Noticed Maggie
 11668 | D:6      | Bought a runed orb for 348 gold pieces
 11721 | D:9      | Noticed Maurice
 12183 | D:8      | Slain by a yak

Illustrated notes

Levels and vault maps discovered:
D:1:      onia_arrival_handbag, layout_basic,
          shapermc_ecumenical_altar_acropolis, wad_woods_river_04
D:2:      layout_rooms, chequers_serial_rivers_room_a, grunt_ministairs_4,
          minmay_hexomino_f4
D:3:      minmay_door_path, layout_basic
D:4:      layout_basic, kennysheep_generic_room_9
D:5:      layout_layer_cave, mainiacjoe_overflow_concentric_impassable,
          grunt_temple_overflow_open, kennysheep_mini_moat,
          ebering_ghost_sewer_d, uniq_pikel
D:6:      layout_layer_cave, mainiacjoe_overflow_paths, temple_doors_e,
          nicolae_wooded_promenade
D:7:      layout_basic, gammafunk_temple_overflow_elements, enter_bailey_2,
          uniq_joseph
D:8:      layout_basic, evilmike_ruin_ashenzari
D:9:      layout_rooms, minmay_lair_entry_lava, kennysheep_pointless_box,
          uniq_maggie, uniq_maurice
Temple:   jpeg_temple_island

Skill      XL: |  1  2  3  4  5  6  7  8  9 |
---------------+----------------------------+-----
Fire Magic     | 4 5 6 7 9 |  9.3
Spellcasting   | 4 5 7 9 10 | 10.8
Conjurations   | 2 4 6 |  6.1
Dodging        | 3 5 7 |  7.1
Hexes          | 1 2 |  2.0
Poison Magic   | 1 2 |  2.0
Air Magic      | 1 2 |  2.0
Stealth        | |  2.4

Action                   |  1- 3 |  4- 6 |  7- 9 || total
-------------------------+-------+-------+-------++-------
Melee: Unarmed           |     9 |    37 |     3 ||    49
 Cast: Foxfire           |    18 |       |    24 ||    42
       Scorch            |    27 |   101 |   122 ||   250
       Inner Flame       |       |       |    10 ||    10
       Mephitic Cloud    |       |       |     2 ||     2
Evoke: Wand              |       |       |     2 ||     2
 Stab: Sleeping          |     2 |       |       ||     2
Armor: Robe              |     6 |    10 |    16 ||    32
       Leather armour    |       |       |     6 ||     6
Dodge: Dodged            |    14 |    62 |    56 ||   132
